 Dungeon Crawl Stone Soup version 0.18-a0-1350-g404b4cb (webtiles) character file.

571560 dvd the Ninja (level 25, -8/128 HPs)
             Began as a Spriggan Enchanter on Feb 17, 2016.
             Was the Champion of Dithmenos.
             Mangled by a spriggan defender
             ... wielding a +5 demon whip of pain
              (13 damage)
             ... on level 3 of the Depths on Feb 22, 2016.
             The game lasted 12:04:05 (78349 turns).

dvd the Ninja (Spriggan Enchanter)                 Turns: 78349, Time: 12:04:05

Health: -8/128     AC:  1    Str:  6    XL:     25   Next: 9%
Magic:  30/60      EV: 29    Int: 36    God:    Dithmenos [******]
Gold:   5798       SH: 16    Dex: 18    Spells: 16 memorised, 8 levels left

rFire  + + .     SeeInvis +     c - +9 dagger of Pestilence {pierce, rF+}
rCold  + . .     Gourm    .     Y - +2 robe {rF+}
rNeg   . . .     Faith    .     X - +2 buckler {reflect}
rPois  +         Spirit   .     G - +2 hat {Int+3}
rElec  +         Dismiss  .     S - +2 cloak {MR+}
rCorr  .         Reflect  +     (gloves unavailable)
SustAt .         Harm     .     (boots unavailable)
MR     +++++                    U - amulet of Koyq Ciy {Reflect rElec MR+ SH+6}
Stlth  ++++++++++               K - +6 ring of intelligence
                                F - ring of the Gloaming {rPois rC+ MP+9}

@: lethally poisoned (-8 -> -8), about to teleport, death channel, corroded
equipment, regenerating, wreathed by umbra, constricted, deflect missiles, very
quick, almost entirely resistant to hostile enchantments, uncannily stealthy
A: unfitting armour, see invisible, herbivore 3, speed 3, magic resistance 1,
slow metabolism 2, strong 1
a: Shadow Step, Shadow Form, Renounce Religion
}: 4/15 runes: serpentine, barnacled, slimy, silver


You were on level 3 of the Depths.
You worshipped Dithmenos.
Dithmenos was exalted by your worship.
You were hungry.

You visited 11 branches of the dungeon, and saw 56 of its levels.
You also visited: Labyrinth, Trove, Ice Cave and Wizlab.

You collected 7413 gold pieces.
You spent 1615 gold pieces at shops.

Inventory:

Hand Weapons
 b - the +4 hunting sling "Coxtih" {venom, MR+ Int+5 Dex+3}
   (You found it on level 4 of the Dungeon)

   It poisons the ammo it fires.
   It affects your intelligence (+5).
   It affects your dexterity (+3).
   It affects your resistance to hostile enchantments.
 c - the +9 dagger of Pestilence (weapon) {pierce, rF+}
   (You found it in an ice cave)

   It inflicts extra damage upon your enemies.
   It protects you from fire.
 B - a +4 quick blade
 I - a +9 rapier of electrocution
Missiles
 V - 17 sling bullets of frost
Armour
 t - a +2 robe of cold resistance
 G - a +2 hat of intelligence (worn)
 H - a +3 buckler of protection
 R - the +1 buckler of Sloth {rCorr Str+6 Slay+3 Stlth+}
   (You found it in a treasure trove)

   It affects your strength (+6).
   It affects your accuracy and damage with ranged weapons and melee attacks
   (+3).
   It protects you from acid and corrosion.
   It makes you more stealthy.
 S - a +2 cloak of magic resistance (worn)
 X - a +2 buckler of reflection (worn)
 Y - a +2 robe of fire resistance (worn)
Jewellery
 p - the amulet of Giz Ejapp {+Inv rElec Regen+ Str+7}
   (You found it on level 2 of the Snake Pit)

   [amulet of regeneration]

   It affects your strength (+7).
   It insulates you from electricity.
   It lets you turn invisible.
   It increases your rate of regeneration.
 s - the ring of Xaguqay {SustAt Stlth+}
   (You found it on level 2 of the Depths)

   [ring of sustain attributes]

   It sustains your strength, intelligence and dexterity.
   It makes you more stealthy.
 x - the ring of Feryseo {rCorr rElec rN+ Int+2 Dex+2}
   (You bought it in a shop on level 3 of the Elven Halls)

   [ring of resist corrosion]

   It affects your intelligence (+2).
   It affects your dexterity (+2).
   It insulates you from electricity.
   It protects you from negative energy.
 F - the ring of the Gloaming (left hand) {rPois rC+ MP+9}
   (You took it off a vampire on level 3 of the Crypt)

   [ring of magical power]

   It protects you from cold.
   It protects you from poison.
   It affects your magic capacity (+9).
 K - a +6 ring of intelligence (right hand)
 L - a +6 ring of slaying
 U - the amulet of Koyq Ciy (around neck) {Reflect rElec MR+ SH+6}
   (You found it in a treasure trove)

   [amulet of reflection]

   It shields you and reflects attacks.
   It insulates you from electricity.
   It affects your resistance to hostile enchantments.
   It affects your SH (+6).
Wands
 f - a wand of heal wounds (4/9)
 h - a wand of teleportation (4/9)
 v - a wand of iceblast (7/15)
 E - a wand of lightning (12/15)
 Q - a wand of teleportation (8/9)
 T - a wand of digging (7/24)
Scrolls
 a - 2 scrolls of enchant armour
 e - 12 scrolls of amnesia
 g - 18 scrolls of teleportation
 l - 24 scrolls of remove curse
 m - 19 scrolls of identify
 o - a scroll of magic mapping
 w - 7 scrolls of fear
 N - 3 scrolls of recharging
 P - 3 scrolls of blinking
Potions
 i - 13 potions of curing
 j - 3 potions of cure mutation
 k - a potion of magic
 n - a potion of berserk rage
 q - 4 potions of agility
 r - 3 potions of flight
 z - 8 potions of resistance
 D - 2 potions of haste
 M - 2 potions of cancellation
 W - 7 potions of might
 Z - 4 potions of brilliance
Books
 y - Nigeisch's Almanac of Black Rites
   (You found it on level 3 of the Crypt)

   Spells                             Type                      Level
   a - Pain                           Necromancy                   1
   b - Sublimation of Blood           Necromancy                   2
   c - Agony                          Necromancy                   5
   d - Dispel Undead                  Necromancy                   5
   e - Death Channel                  Necromancy                   6
   f - Borgnjor's Revivification      Necromancy                   8
 A - a book of Dreams

   Spells                             Type                      Level
   a - Ensorcelled Hibernation        Hexes/Ice                    2
   b - Silence                        Hexes/Air                    5
   c - Darkness                       Hexes                        6
   d - Mass Confusion                 Hexes                        6
   e - Shadow Creatures               Summoning                    6
 C - a book of Unlife

   Spells                             Type                      Level
   a - Recall                         Summoning/Translocation      3
   b - Animate Dead                   Necromancy                   4
   c - Control Undead                 Necromancy                   4
   d - Cigotuvi's Embrace             Necromancy                   5
   e - Death Channel                  Necromancy                   6
   f - Simulacrum                     Ice/Necromancy               6
 J - a book of Ice

   Spells                             Type                      Level
   a - Ice Form                       Ice/Transmutation            4
   b - Metabolic Englaciation         Hexes/Ice                    5
   c - Ozocubu's Refrigeration        Ice                          6
   d - Bolt of Cold                   Conjuration/Ice              6
   e - Freezing Cloud                 Conjuration/Ice/Air          6
   f - Simulacrum                     Ice/Necromancy               6
 O - a Grand Grimoire

   Spells                             Type                      Level
   a - Monstrous Menagerie            Summoning                    7
   b - Summon Greater Demon           Summoning                    7
   c - Malign Gateway                 Summoning/Translocation      7
   d - Summon Horrible Things         Summoning                    8
Comestibles
 d - 29 bread rations
 u - 42 fruits


   Skills:
 * Level 12.0 Fighting
 * Level 13.9 Short Blades
 + Level 16.2 Slings
 + Level 1.3(9.4) Throwing
 * Level 15.8 Dodging
 O Level 27 Stealth
 + Level 8.2 Shields
 + Level 23.5 Spellcasting
 + Level 20.1 Hexes
 + Level 9.1 Charms
 + Level 6.1 Summonings
 + Level 9.1 Necromancy
 + Level 4.0 Translocations
 + Level 6.4 Ice Magic
 + Level 2.3 Air Magic
 + Level 2.9 Poison Magic
 + Level 3.5 Invocations
 + Level 4.8 Evocations


You had 8 spell levels left.
You knew the following spells:

 Your Spells              Type           Power        Failure   Level  Hunger
a - Cure Poison           Pois           ######....   1%          2    None
b - Ensorcelled Hibernat  Hex/Ice        ######       0%          2    None
c - Confuse               Hex            ########     0%          3    None
d - Tukima's Dance        Hex            ########     0%          3    None
e - Recall                Summ/Tloc      N/A          1%          3    None
f - Dispel Undead         Necr           #######.     1%          5    None
g - Mass Confusion        Hex            ########..   1%          6    None
h - Summon Ice Beast      Ice/Summ       ######..     1%          4    None
i - Regeneration          Chrm/Necr      #######...   1%          3    None
j - Animate Dead          Necr           N/A          1%          4    None
k - Summon Mana Viper     Hex/Summ       #######.     1%          5    None
l - Aura of Abjuration    Summ           ######....   1%          5    None
m - Deflect Missiles      Chrm/Air       ######....   10%         6    None
n - Blink                 Tloc           N/A          1%          2    None
p - Death Channel         Necr           #######...   1%          6    None
q - Olgreb's Toxic Radia  Pois           ######..     1%          4    None


Dungeon Overview and Level Annotations

Branches:
Dungeon (15/15)            Temple (1/1) D:4            Lair (8/8) D:11
 Shoals (4/4) Lair:4        Snake (4/4) Lair:3        Slime (6/6) Lair:7
    Orc (2/2) D:11            Elf (3/3) Orc:2        Vaults (5/5) D:13
  Crypt (3/3) Vaults:2       Tomb (0/3) Crypt:3      Depths (5/5) D:15
    Zot: Depths:5

Altars:
Ashenzari
Cheibriados
Dithmenos
Elyvilon
Fedhas
Gozag
Kikubaaqudgha
Makhleb
Nemelex Xobeh
Okawaru
Pakellas
Qazlal
Ru
Sif Muna
Trog
Vehumet
Xom
Yredelemnul
Zin
The Shining One
Beogh
Jiyva

Shops:
D:4 *   D:13 [?*   Orc:2 =%[}   Elf:3 *(%%*   Vaults:1 *   Vaults:2 ((

Portals:
Hell: Depths:1 Depths:2 Depths:3
Pandemonium: Depths:3
Ziggurat: Depths:1


Innate Abilities, Weirdness & Mutations

You are tiny and cannot use many weapons and most armour.
You have supernaturally acute eyesight.
You are an herbivore.
You cover ground extremely quickly.
You need consume almost no food.
You are resistant to hostile enchantments.
Your muscles are strong. (Str +2)


Message History

Your spectral spark wasp hits the tentacled monstrosity!!
You block the spriggan defender's attack.
The tentacled monstrosity barely misses your spectral spark wasp.
The tentacled monstrosity tentacle-slaps your spectral spark wasp!
The tentacled monstrosity tentacle-slaps your spectral spark wasp.
* * * LOW HITPOINT WARNING * * *
The tentacled monstrosity constricts you!
The white very ugly thing tentacle-slaps your spectral spark wasp!
The white very ugly thing freezes your spectral spark wasp!
Your spectral spark wasp resists.
The lich touches your spectral ugly thing.
The green ugly thing basks in the mutagenic energy from its kin and changes!
The redback completely misses your spectral ugly thing.
You block the white very ugly thing's attack.
The spriggan rider hits you from afar with a spear!!
* * * LOW HITPOINT WARNING * * *
You emit a cloud of dark smoke.
Something hits the lich!!
Your spectral spark wasp hits the white very ugly thing.
The spriggan defender hits you with a demon whip of pain!
You die...

##...).#
#...
##..8...#
#...
##.....###
#...
##.....##
#...
###.Z...##
#...
##......##
#...
##§§§§..##
####
##§uZ§.§##
#
##.§X@§§##
#


#ZZiuui## # #T(..cT## # ..cLZZZ.## # .ccCsu.## # #)TYu.# # #Dpus# # .tsCu #
..##. # You could see a shadow dragon, a tentacled monstrosity, a frost giant, 5
very ugly things, a fire giant, a lich, a yaktaur captain, an entropy weaver, an
elephant shaped shifter, a spriggan defender, 2 ugly things, a spriggan rider, 2
deep trolls, a fire crab, 2 yaktaurs, 3 redbacks, a friendly spectral redback, 2
friendly spectral ugly things and a friendly spectral spark wasp.

Vanquished Creatures
  the Royal Jelly (Slime:6)
  4 ancient liches
  Mara (Depths:2)
  Saint Roka (Crypt:3)
  Norris (Snake:2)
  2 caustic shrikes (Depths:2)
  2 golden dragons
  Jory (Vaults:4)
  A bone dragon (Crypt:3)
  Jorgrun (Snake:1)
  A tentacled monstrosity (Vaults:5)
  3 titans (Vaults:5)
  The ghost of nublet the Scorcher, an adept CeFE of Vehumet (Snake:4)
  2 liches
  12 acid blobs
  2 deep elf blademasters
  A deep elf master archer (Elf:3)
  2 quicksilver dragons
  The ghost of YrmMerkstave the Fetichist, an adept DDFi of Yredelemnul (Elf:1)
  4 sphinxes
  Agnes (Snake:1)
  Gastronok (Lair:3)
  Frances (Shoals:2)
  A kraken (Shoals:4)
  Polyphemus (Shoals:2)
  A tengu reaver (Vaults:4)
  2 storm dragons (Vaults:5)
  Ilsuiw (Shoals:4)
  A revenant (Crypt:3)
  5 shadow dragons (Vaults:5)
  10 greater nagas
  Maud (Lair:6)
  4 fire giants
  Donald (Shoals:1)
  19 azure jellies
  5 vault wardens
  4 frost giants
  Aizul (Snake:1)
  5 ironheart preservers
  3 deep elf elementalists (Elf:3)
  8 ghouls
  A spriggan defender (Depths:2)
  A caustic shrike zombie (Crypt:1)
  2 curse skulls
  6 war gargoyles
  5 very ugly things
  3 vampire knights
  9 stone giants
  The ghost of asdu the Arsonist, a journeyman GrFE of Vehumet (Orc:2)
  7 spark wasps
  Azrael (Snake:2)
  3 deep elf annihilators (Elf:3)
  A dire elephant (D:15)
  4 deep elf death magi
  3 ettins
  A crystal guardian (D:15)
  17 vault guards
  6 merfolk javelineers
  A minotaur (Lab)
  8 yaktaur captains
  4 jiangshi
  A mummy priest (Crypt:3)
  2 eidola (Crypt:1)
  6 fire dragons
  12 death oozes
  6 great orbs of eyes
  Harold (Lair:2)
  10 merfolk impalers
  9 hydras
  10 ogre magi
  A rakshasa (Depths:3)
  7 naga warriors
  5 ice dragons
  14 anacondas
  A merfolk aquamancer (Shoals:4)
  An entropy weaver (Vaults:1)
  3 merfolk avatars (Shoals:4)
  2 death knights
  10 centaur warriors
  7 vampire magi
  5 tengu warriors
  5 deep troll shamans
  A satyr (Shoals:3)
  21 dancing weapons
  10 death yaks
  4 deep troll earth magi
  An orc high priest (Orc:1)
  3 shock serpents
  4 naga sharpshooters
  11 deep elf knights
  5 hell knights
  4 shadow wraiths
  12 skeletal warriors
  A spriggan (Depths:3)
  3 salamander mystics
  A storm dragon zombie (D:14)
  8 sea snakes
  2 unseen horrors
  4 flayed ghosts
  18 deep trolls
  11 deep elf archers
  4 hill giants
  An orange crystal statue (D:15)
  A shadow dragon zombie (Crypt:3)
  4 naga ritualists
  A wizard (Depths:2)
  A golden dragon zombie (Crypt:1)
  7 orc knights
  2 golden dragon skeletons (Crypt:3)
  6 phantasmal warriors
  A giant orange brain (Depths:1)
  2 necromancers
  12 mana vipers
  A wolf spider zombie (D:15)
  7 ironbrand convokers
  A sphinx zombie (Vaults:1)
  6 shining eyes
  2 wolf spiders (Vaults:3)
  An oklob plant (Lair:7)
  44 ugly things
  3 orc sorcerers
  16 harpies
  36 deep elf magi
  8 manticores
  7 cyclopes
  A hornet (Vaults:2)
  3 water nymphs
  16 griffons
  A manticore (shapeshifter) (Depths:2)
  2 fauns
  7 salamanders
  7 sirens
  4 centaur zombies
  An octopode (shapeshifter) (D:15)
  A stone giant skeleton (Crypt:3)
  25 black mambas
  A shock serpent zombie (Crypt:3)
  4 eyes of devastation
  6 vault sentinels
  6 guardian serpents
  9 elephants
  A smoke demon (Crypt:3)
  10 naga magi
  An orc skeleton (Vaults:2)
  An ice statue (IceCv)
  A dire elephant skeleton (Crypt:3)
  3 gargoyles
  A yaktaur zombie (Vaults:2)
  5 centaur skeletons
  A torpor snail (Lair:4)
  16 spiny frogs
  40 yaktaurs
  An emperor scorpion zombie (Crypt:2)
  2 kobold demonologists
  13 komodo dragons
  6 freezing wraiths
  6 fire drakes
  A fire drake (shapeshifter) (Vaults:3)
  2 red devils (Crypt:3)
  21 polar bears
  3 tengu conjurers
  An entropy weaver zombie (Vaults:2)
  A wolf spider simulacrum (D:14)
  A death drake zombie (Crypt:2)
  A troll (shapeshifter) (Vaults:3)
  6 trolls
  2 wind drakes
  10 two-headed ogres
  A minotaur skeleton (Lab)
  22 blink frogs
  15 merfolk
  2 boulder beetles (Vaults:2)
  A raiju (shapeshifter) (Depths:4)
  A raiju (Lair:8)
  147 slime creatures
  9 snapping turtles
  A hornet zombie (Vaults:1)
  2 hydra skeletons (Crypt:3)
  A snapping turtle (shapeshifter) (Depths:1)
  A deep troll zombie (WizLab)
  A stone giant simulacrum (Vaults:2)
  An ettin skeleton (Crypt:3)
  A fire giant simulacrum (Vaults:3)
  A human simulacrum (Vaults:1)
  4 air elementals
  3 shadows (Crypt:3)
  A vampire (Crypt:3)
  4 flying skulls (Crypt:1)
  A griffon skeleton (Crypt:1)
  9 redbacks
  15 wraiths
  A black mamba zombie (Crypt:3)
  7 water elementals
  4 wyverns
  An alligator skeleton (Crypt:3)
  56 yaks
  A hog (D:7)
  2 basilisks
  5 fire elementals
  9 golden eyes
  A basilisk (shapeshifter) (Depths:1)
  4 hungry ghosts
  33 vampire mosquitoes
  2 golden eyes (shapeshifter)
  2 mottled dragons
  31 wolves
  16 hippogriffs
  A soldier ant (D:11)
  10 wargs
  A soldier ant (shapeshifter) (Vaults:5)
  12 nagas
  A monstrous demonspawn skeleton (Crypt:1)
  10 hell hounds
  19 water moccasins
  A deep troll skeleton (Vaults:2)
  12 porcupines
  A hornet simulacrum (D:14)
  4 human zombies
  24 orc warriors
  An entropy weaver simulacrum (Vaults:1)
  An ice beast (shapeshifter) (Vaults:2)
  A wasp (Depths:3)
  14 ice beasts
  5 eyes of draining
  A manticore zombie (Crypt:2)
  An orc zombie (Vaults:2)
  14 black bears
  A hog zombie (Crypt:2)
  5 necrophages
  4 phantoms
  6 sky beasts
  7 centaurs
  37 ogres
  5 boggarts (Vaults:1)
  11 crocodiles
  6 big kobolds
  2 earth elementals
  20 giant frogs
  A draconian skeleton (Crypt:2)
  A salamander skeleton (Crypt:2)
  A wyvern skeleton (D:13)
  9 scorpions
  A boulder beetle zombie (Vaults:2)
  A yak skeleton (Crypt:1)
  9 killer bees
  2 electric eels (D:11)
  A polar bear skeleton (Crypt:2)
  2 wights
  8 crimson imps
  3 giant frog zombies
  20 hounds
  14 jellies
  13 orc priests
  2 giant frog skeletons (D:10)
  A water moccasin simulacrum (D:11)
  11 iguanas
  11 orc wizards
  8 worker ants
  Natasha (thrice) (D:3)
  A killer bee zombie (D:10)
  14 sheep
  A boulder beetle simulacrum (Vaults:2)
  A hound zombie (D:7)
  An ogre skeleton (Lab)
  A hound skeleton (D:9)
  4 worker ant zombies
  2 gnolls (D:4)
  11 adders
  56 river rats
  2 shadow imps
  4 white imps (D:11)
  A worker ant simulacrum (D:11)
  An ooze (D:1)
  2 adder skeletons
  2 worms
  7 giant geckos
  88 orcs
  15 bats
  A bat zombie (D:8)
  5 giant cockroaches
  4 goblins
  3 hobgoblins
  18 jackals
  31 kobolds
  4 quokkas
  A ball python (D:2)
  A giant gecko skeleton (D:5)
  A giant gecko zombie (D:7)
  9 giant newts
  A jackal zombie (D:8)
  7 rats
  2 lost souls (Crypt:3)
  5 plants
1957 creatures vanquished.

Vanquished Creatures (collateral kills)
  An ancient lich (Crypt:3)
  2 juggernauts (Depths:2)
  6 caustic shrikes (Depths:2)
  A golden dragon (Vaults:5)
  the Enchantress (Depths:2)
  5 tentacled monstrosities
  A quicksilver dragon (Depths:2)
  A deep elf blademaster (Elf:3)
  13 acid blobs
  2 sphinxes
  3 storm dragons
  3 shadow dragons (Vaults:5)
  Roxanne (Shoals:1)
  2 azure jellies (Slime:6)
  Wiglaf (Vaults:2)
  2 tengu reavers
  3 greater nagas (Snake:4)
  A fire giant (Vaults:5)
  9 vault wardens
  An iron dragon (Vaults:5)
  3 frost giants
  The ghost of M4edhros the Bringer of Law, an adept OpMo of Zin (D:15)
  Louise (Shoals:1)
  A curse skull (Crypt:1)
  A cacodemon (Depths:1)
  2 ghouls (Crypt:1)
  A reaper (Crypt:3)
  11 ironheart preservers
  9 stone giants
  3 deep elf elementalists
  2 spriggan defenders (Depths:2)
  3 very ugly things
  3 vampire knights
  2 war gargoyles
  6 deep elf annihilators
  3 deep elf demonologists (Elf:3)
  3 salamander stormcallers
  15 vault guards
  8 ettins
  An eidolon (Crypt:1)
  Josephine (Orc:1)
  6 deep elf death magi
  3 merfolk impalers
  A crystal guardian (D:15)
  A jiangshi (Crypt:1)
  An entropy weaver (shapeshifter) (Vaults:5)
  A great orb of eyes (Slime:5)
  6 yaktaur captains
  5 spriggan air magi (Depths:2)
  An ice dragon (Depths:3)
  An entropy weaver (Depths:2)
  2 anacondas (Snake:4)
  6 naga warriors
  A centaur warrior (Vaults:1)
  4 merfolk aquamancers
  2 death knights
  A catoblepas (Shoals:2)
  16 dancing weapons
  10 ogre magi
  2 deep troll shamans (Depths:2)
  2 deep troll earth magi
  2 satyrs
  A tengu warrior (Depths:2)
  An iron giant skeleton (Depths:2)
  2 death yaks (Shoals:3)
  2 spriggan berserkers (Depths:2)
  A titan zombie (Crypt:3)
  2 naga sharpshooters (Snake:4)
  A storm dragon zombie (Depths:2)
  2 orc high priests
  20 deep elf knights
  2 soul eaters
  A shadow wraith (Vaults:4)
  A small abomination (Vaults:5)
  13 hell knights
  15 skeletal warriors
  A salamander mystic (Vaults:5)
  4 sea snakes
  2 naga ritualists
  An anubis guard (shapeshifter) (Vaults:2)
  An orange crystal statue (D:12)
  2 deep trolls (Depths:3)
  2 golden dragon skeletons
  4 deep elf archers
  A harpy (shapeshifter) (Vaults:2)
  3 phantasmal warriors
  15 ironbrand convokers
  6 orc knights
  3 harpies
  8 fauns
  40 deep elf magi
  5 necromancers
  A shadow dragon skeleton (Crypt:3)
  An orc sorcerer (Vaults:3)
  2 cyclopes
  3 water nymphs
  8 salamanders
  5 griffons
  3 manticores
  9 ugly things
  6 sirens
  2 black mambas (Snake:4)
  11 naga magi
  8 vault sentinels
  5 guardian serpents (Snake:4)
  A stone giant skeleton (Vaults:1)
  2 smoke demons (Crypt:3)
  A spriggan zombie (Depths:2)
  2 gargoyles (Crypt:3)
  A dire elephant skeleton (Crypt:3)
  12 yaktaurs
  A pale draconian skeleton (Crypt:1)
  A grey draconian skeleton (Crypt:1)
  4 red devils (Crypt:3)
  A fire drake (shapeshifter) (Depths:2)
  A troll (Orc:1)
  25 two-headed ogres
  5 merfolk
  A boulder beetle (Vaults:5)
  14 slime creatures
  3 snapping turtles
  2 flying skulls (Crypt:1)
  3 redbacks (Depths:2)
  5 air elementals
  A shadow (Crypt:1)
  A centaur simulacrum (D:11)
  2 vampires (Crypt:3)
  10 water elementals
  A black mamba skeleton (Crypt:3)
  A human (D:7)
  5 spriggans (Depths:2)
  A human (shapeshifter) (Vaults:2)
  A fire elemental (Snake:2)
  A hippogriff (D:11)
  A yaktaur simulacrum (Vaults:2)
  4 vampire mosquitoes
  2 wargs
  31 nagas
  20 orc warriors
  An ice beast (D:15)
  A swamp dragon zombie (Crypt:3)
  2 wasps (Depths:2)
  A tengu (shapeshifter) (Elf:1)
  A boggart (Vaults:1)
  43 ogres
  A centaur (Shoals:3)
  A yaktaur zombie (Vaults:1)
  2 earth elementals
  A giant frog (D:9)
  2 yaktaur skeletons (Vaults:1)
  An elf simulacrum (Vaults:1)
  A killer bee (D:12)
  7 wights
  A jelly (D:9)
  3 orc priests
  6 orc wizards
  3 sheep (D:7)
  A felid zombie (Crypt:1)
  2 gnolls (D:4)
  A giant gecko (D:11)
  34 orcs
  A fungus (Elf:2)
  A lost soul (Crypt:3)
  4 plants
728 creatures vanquished.

Vanquished Creatures (others)
  A deep elf master archer (Elf:3)
  A vault warden (Vaults:5)
  2 deep elf sorcerers (Vaults:5)
  A deep elf elementalist (Vaults:5)
  A deep elf annihilator (Elf:1)
  A vault guard (Vaults:5)
  2 yaktaur captains (Vaults:5)
  A naga warrior (Snake:4)
  70 dancing weapons
  A sea snake (Shoals:4)
  2 deep elf archers (Elf:3)
  A necromancer (Vaults:2)
  An orc knight (Vaults:3)
  A salamander (Snake:4)
  A naga mage (Snake:4)
  7 yaktaurs
  2 polar bears (IceCv)
  A hippogriff (Lair:8)
  2 orc warriors
  A centaur (Vaults:1)
  3 kobolds (D:11)
  8 fungi
  2 lost souls
  14 plants
127 creatures vanquished.

Grand Total: 2812 creatures vanquished

Notes
Turn   | Place    | Note
--------------------------------------------------------------
     0 | D:1      | dvd the Spriggan Enchanter began the quest for the Orb.
     0 | D:1      | Reached XP level 1. HP: 9/9 MP: 5/5
   462 | D:1      | Reached XP level 2. HP: 11/13 MP: 3/6
   516 | D:1      | Learned a level 2 spell: Ensorcelled Hibernation
  1255 | D:1      | Reached skill level 5 in Stealth
  1601 | D:2      | Reached XP level 3. HP: 16/16 MP: 5/8
  2470 | D:3      | Noticed Natasha
  2478 | D:3      | Killed Natasha
  2478 | D:3      | Reached XP level 4. HP: 21/21 MP: 2/9
  2483 | D:3      | Learned a level 3 spell: Confuse
  2487 | D:3      | Learned a level 3 spell: Tukima's Dance
  2557 | D:3      | Found a shattered altar of Ashenzari.
  2692 | D:3      | Reached skill level 6 in Stealth
  2707 | D:3      | Noticed Natasha
  2721 | D:3      | Killed Natasha
  2981 | D:3      | Reached skill level 7 in Stealth
  2981 | D:3      | Reached XP level 5. HP: 24/24 MP: 10/10
  3080 | D:3      | Noticed Natasha
  3088 | D:3      | Killed Natasha
  3358 | D:4      | Reached skill level 1 in Ice Magic
  3372 | D:4      | Found a staircase to the Ecumenical Temple.
  3381 | Temple   | Entered the Ecumenical Temple
  3467 | Temple   | Became a worshipper of Dithmenos the Shadowed
  3504 | D:4      | Found Wairool's General Store.
  3568 | D:4      | Noticed an ogre
  3648 | D:4      | Killed an ogre
  3648 | D:4      | Reached skill level 8 in Stealth
  3648 | D:4      | Reached XP level 6. HP: 29/29 MP: 6/12
  4133 | D:4      | Got a transparent hunting sling
  4134 | D:4      | Identified the +4 hunting sling "Coxtih" {venom, MR+ Int+5 Dex+3} (You found it on level 4 of the Dungeon)
  4242 | D:4      | Reached skill level 5 in Hexes
  4461 | D:5      | Entered Level 5 of the Dungeon
  4560 | D:5      | Reached skill level 1 in Slings
  4618 | D:5      | Reached XP level 7. HP: 32/32 MP: 14/14
  4750 | D:5      | Reached skill level 1 in Fighting
  5169 | D:6      | Reached skill level 9 in Stealth
  5312 | D:6      | Reached skill level 5 in Spellcasting
  5434 | D:6      | Noticed an Executioner
  5435 | D:6      | Found a burning altar of Makhleb.
  5442 | D:6      | Found a glowing silver altar of Zin.
  5442 | D:6      | Noticed an angel
  5501 | D:6      | Reached * piety under Dithmenos
  5680 | D:6      | Found a radiant altar of Vehumet.
  6282 | D:6      | Reached XP level 8. HP: 37/37 MP: 17/17
  6535 | D:7      | Found a bloodstained altar of Trog.
  6698 | D:7      | Noticed a two-headed ogre
  6705 | D:7      | Killed a two-headed ogre
  6705 | D:7      | Reached skill level 5 in Dodging
  6705 | D:7      | Reached skill level 10 in Stealth
  6984 | D:7      | Reached XP level 9. HP: 39/41 MP: 10/20
  7007 | D:7      | Found an opulent altar of Gozag.
  7204 | D:7      | Reached ** piety under Dithmenos
  7466 | D:8      | Found a bloodstained altar of Trog.
  7545 | D:8      | Found an opulent altar of Gozag.
  7559 | D:8      | Reached skill level 5 in Slings
  7577 | D:8      | Found an iron altar of Okawaru.
  7592 | D:8      | Reached skill level 11 in Stealth
  8073 | D:8      | Found an ancient bone altar of Kikubaaqudgha.
  8400 | D:9      | Reached skill level 12 in Stealth
  8403 | D:9      | Reached *** piety under Dithmenos
  8458 | D:9      | Found a shimmering altar of Xom.
  9004 | D:10     | Entered Level 10 of the Dungeon
  9014 | D:10     | Noticed a hill giant
  9034 | D:10     | Killed a hill giant
  9034 | D:10     | Reached XP level 10. HP: 46/46 MP: 14/23
  9168 | D:10     | Reached skill level 13 in Stealth
  9483 | D:10     | Found a portal to a secret trove of treasure.
  9495 | Trove    | Entered a treasure trove
  9523 | Trove    | Got an ancient buckler
  9529 | Trove    | Got a scorched shadow dragon armour
  9535 | Trove    | Got an ancient ruby amulet
  9537 | Trove    | Got a scintillating jade amulet
  9541 | Trove    | Got a heavily runed zirconium amulet
  9593 | Trove    | Identified the amulet of Koyq Ciy {Reflect rElec MR+ SH+6} (You found it in a treasure trove)
  9597 | Trove    | Identified the amulet "Hoeq Mim" {+Rage Str+3 Int+2 Dex+2 SInv} (You found it in a treasure trove)
  9599 | Trove    | Identified the amulet "Xocoiteesm" {Spirit Str+5} (You found it in a treasure trove)
  9618 | Trove    | Identified the +1 buckler of Sloth {rCorr Str+6 Slay+3 Stlth+} (You found it in a treasure trove)
  9631 | Trove    | Identified the +0 shadow dragon armour of Wozuk {+Fly rN+ Dex+4 Stlth++++} (You found it in a treasure trove)
 10550 | D:11     | Noticed a rust devil
 10908 | D:11     | Found a staircase to the Orcish Mines.
 11328 | D:11     | Reached XP level 11. HP: 48/50 MP: 22/25
 11386 | D:11     | Found a staircase to the Lair.
 11408 | D:11     | Reached skill level 14 in Stealth
 11666 | Orc:1    | Entered Level 1 of the Orcish Mines
 11685 | Orc:1    | Reached skill level 1 in Shields
 11742 | Orc:1    | Noticed Josephine
 11815 | Orc:1    | Noticed an orc sorcerer
 11842 | Orc:1    | Killed Josephine
 11874 | Orc:1    | Reached skill level 10 in Spellcasting
 11941 | Orc:1    | Killed an orc sorcerer
 11956 | Orc:1    | Reached skill level 10 in Hexes
 12100 | Orc:1    | Noticed an orc high priest
 12102 | Orc:1    | Noticed a soul eater
 12113 | Orc:1    | Killed an orc high priest
 12322 | Orc:1    | Noticed an orc knight
 12339 | Orc:1    | Killed an orc knight
 12339 | Orc:1    | Reached skill level 15 in Stealth
 12426 | Orc:1    | Found a roughly hewn altar of Beogh.
 12495 | Orc:1    | Noticed an orc sorcerer
 12502 | Orc:1    | Killed an orc sorcerer
 12502 | Orc:1    | Reached skill level 10 in Slings
 12553 | Orc:1    | Reached **** piety under Dithmenos
 12835 | Orc:2    | Entered Level 2 of the Orcish Mines
 13023 | Orc:2    | Noticed asdu's ghost (journeyman GrFE)
 13181 | Orc:2    | Killed asdu's ghost
 13181 | Orc:2    | Reached XP level 12. HP: 39/54 MP: 11/27
 13269 | Orc:2    | Noticed an orc high priest
 13280 | Orc:2    | Killed an orc high priest
 13337 | Orc:2    | Found a staircase to the Elven Halls.
 13445 | Orc:2    | Found Etoim's Jewellery Boutique.
 13445 | Orc:2    | Noticed an ogre mage
 13446 | Orc:2    | Found Ofofapy's Antique Armour Emporium.
 13446 | Orc:2    | Found Givvuyss's Gadget Shop.
 13446 | Orc:2    | Found Kanun's Food Emporium.
 13446 | Orc:2    | Noticed an ogre mage
 13448 | Orc:2    | Noticed an ogre mage
 13448 | Orc:2    | Noticed an ogre mage
 13455 | Orc:2    | Killed an ogre mage
 13463 | Orc:2    | Killed an ogre mage
 13555 | Orc:2    | Killed an ogre mage
 13628 | Orc:2    | Reached ***** piety under Dithmenos
 13803 | Orc:2    | Reached skill level 1 in Throwing
 13843 | Orc:2    | Learned a level 2 spell: Cure Poison
 14114 | Orc:2    | Killed an ogre mage
 14497 | Lair:1   | Entered Level 1 of the Lair of Beasts
 14667 | Lair:1   | Found a frozen archway.
 14730 | IceCv    | Entered an ice cave
 14816 | IceCv    | Reached skill level 16 in Stealth
 14942 | IceCv    | HP: 2/54 [something (13)]
 15905 | IceCv    | Got an ichor-stained dagger
 15906 | IceCv    | Identified the +9 dagger of Pestilence {pierce, rF+} (You found it in an ice cave)
 16155 | IceCv    | Reached XP level 13. HP: 57/59 MP: 22/30
 16742 | IceCv    | Noticed a frost giant
 17557 | IceCv    | Killed a frost giant
 17632 | IceCv    | Learned a level 5 spell: Metabolic Englaciation
 17922 | Lair:1   | Reached skill level 17 in Stealth
 18492 | Lair:2   | Learned a level 6 spell: Invisibility
 18573 | Lair:2   | Noticed Harold
 18577 | Lair:2   | Killed Harold
 19114 | Lair:2   | Reached ****** piety under Dithmenos
 19561 | Lair:3   | Noticed Gastronok
 19566 | Lair:3   | Killed Gastronok
 19566 | Lair:3   | Reached skill level 18 in Stealth
 19844 | Lair:3   | Found a staircase to the Snake Pit.
 20252 | Lair:3   | Reached XP level 14. HP: 40/63 MP: 9/32
 20465 | Orc:2    | Bought a +6 ring of intelligence for 702 gold pieces
 20714 | Lair:4   | Learned a level 6 spell: Mass Confusion
 20905 | Lair:4   | Found a staircase to the Shoals.
 21377 | Lair:5   | Found a labyrinth entrance.
 21399 | Lab      | Entered a labyrinth
 21592 | Lair:5   | Reached skill level 19 in Stealth
 22463 | Lair:6   | You fall through a shaft!
 22759 | Lair:6   | Noticed Maud
 22761 | Lair:6   | Killed Maud
 22761 | Lair:6   | Reached skill level 20 in Stealth
 23185 | Lair:7   | Reached skill level 5 in Short Blades
 23874 | Lair:7   | Reached XP level 15. HP: 68/68 MP: 34/34
 23941 | Lair:7   | Found a viscous altar of Jiyva.
 23941 | Lair:7   | Found a staircase to the Slime Pits.
 24145 | Lair:8   | Entered Level 8 of the Lair of Beasts
 24449 | Lair:8   | Reached skill level 5 in Ice Magic
 24619 | Lair:8   | Reached skill level 21 in Stealth
 25053 | Lair:8   | Reached skill level 10 in Dodging
 25157 | Lair:8   | Got a slimy robe
 25182 | Lair:8   | Gained mutation: You are resistant to electric shocks. [potion of beneficial mutation]
 25206 | Lair:8   | Identified the +2 robe of Peek-a-Boo {rN+++ MR-} (You found it on level 8 of the Lair of Beasts)
 25565 | Lair:8   | Upgraded the game from 0.18-a0-1347-gb9e2fb4 to 0.18-a0-1350-g404b4cb
 26591 | D:13     | Found a gate to the Vaults.
 26593 | D:13     | Reached skill level 1 in Poison Magic
 26649 | D:13     | Lost mutation: You are resistant to electric shocks. [potion of mutation]
 26649 | D:13     | Gained mutation: You are resistant to hostile enchantments. [potion of mutation]
 26649 | D:13     | Gained mutation: You have an increased reservoir of magic (+10% MP). [potion of mutation]
 26683 | D:13     | Found Qodihoe's General Store.
 26927 | D:13     | Reached skill level 5 in Shields
 27131 | D:13     | Found Arphaegit's Magic Scroll Boutique.
 27388 | D:13     | Found Ogul's Antique Armour Shop.
 27565 | D:14     | Reached XP level 16. HP: 72/72 MP: 29/39
 28187 | D:14     | Reached skill level 22 in Stealth
 28496 | Elf:1    | Entered Level 1 of the Elven Halls
 28602 | Elf:1    | Noticed YrmMerkstave's ghost (adept DDFi)
 28638 | Elf:1    | Killed YrmMerkstave's ghost
 28638 | Elf:1    | Reached skill level 1 in Evocations
 28998 | Shoals:1 | Entered Level 1 of the Shoals
 28998 | Shoals:1 | Noticed Roxanne
 28998 | Shoals:1 | Noticed Donald
 29000 | Shoals:1 | Killed Donald
 29057 | Snake:1  | Entered Level 1 of the Snake Pit
 29127 | Snake:1  | Reached skill level 1 in Invocations
 29134 | Snake:1  | Learned a level 4 spell: Cause Fear
 29263 | Snake:1  | Noticed Agnes
 29266 | Snake:1  | Noticed Aizul
 29267 | Snake:1  | Killed Agnes
 29269 | Snake:1  | Killed Aizul
 29499 | Snake:2  | Noticed Jorgrun
 29527 | Snake:2  | Noticed Norris
 29527 | Snake:2  | Noticed Azrael
 29558 | Snake:2  | Reached skill level 15 in Spellcasting
 29729 | Snake:1  | HP: 1/75 [Jorgrun/Shatter (44)]
 29738 | Snake:1  | Killed Jorgrun
 29976 | Snake:2  | Killed Azrael
 30111 | Snake:2  | Killed Norris
 30390 | Snake:2  | Reached skill level 5 in Fighting
 30502 | Snake:2  | Got a heavily runed platinum amulet
 30503 | Snake:2  | Identified the amulet of Giz Ejapp {+Inv rElec Regen+ Str+7} (You found it on level 2 of the Snake Pit)
 30841 | Snake:3  | Learned a level 3 spell: Regeneration
 31398 | Snake:2  | Learned a level 4 spell: Animate Dead
 31509 | Snake:3  | Reached skill level 15 in Hexes
 31668 | Snake:3  | HP: 2/76 [naga warrior (6)]
 31922 | Snake:3  | Reached skill level 1 in Charms
 32085 | Snake:3  | Reached skill level 1 in Necromancy
 32698 | Snake:3  | Reached XP level 17. HP: 80/80 MP: 41/41
 32781 | Snake:4  | Entered Level 4 of the Snake Pit
 32921 | Snake:4  | Noticed nublet's ghost (adept CeFE)
 33938 | Snake:4  | Killed nublet's ghost
 34650 | Snake:4  | Reached skill level 5 in Charms
 36455 | Snake:4  | Got a serpentine rune of Zot
 37026 | Elf:1    | Identified the Papyrus of Companions
 37033 | Elf:1    | Learned a level 5 spell: Summon Mana Viper
 37562 | Elf:1    | Identified the Incunabulum of Flamy Attacks (You found it on level 1 of the Elven Halls)
 38031 | Elf:2    | Noticed a deep elf blademaster
 38035 | Elf:2    | Reached XP level 18. HP: 46/87 MP: 40/43
 38403 | Elf:2    | Reached skill level 1 in Summonings
 39958 | Elf:2    | Found a runed door.
 39996 | Elf:2    | Found a runed door.
 41239 | Elf:3    | Entered Level 3 of the Elven Halls
 41410 | Elf:3    | Reached skill level 23 in Stealth
 41448 | Elf:3    | Found Atwidghu's Assorted Antiques.
 41461 | Elf:3    | Bought a twitching marble ring for 200 gold pieces
 41466 | Elf:3    | Identified the ring of Feryseo {rCorr rElec rN+ Int+2 Dex+2} (You bought it in a shop on level 3 of the Elven Halls)
 41493 | Elf:3    | Found Qetack's Food Boutique.
 41656 | Elf:2    | Learned a level 5 spell: Aura of Abjuration
 41870 | Elf:3    | Got a shimmering trident {drain}
 41876 | Elf:3    | Identified the +9 trident "Rutsiet" {drain, rC+ MP+9 Int+4 Dex+4} (You found it on level 3 of the Elven Halls)
 41971 | Elf:3    | Found Biomie's Weapon Shoppe.
 42007 | Elf:3    | Found Yreroiqo's Assorted Antiques.
 42063 | Elf:3    | Identified a scroll of acquirement
 42068 | Elf:3    | Learned a level 2 spell: Repel Missiles
 42280 | Elf:3    | Found Rumom's Food Emporium.
 42303 | Elf:3    | Bought a bread ration for 55 gold pieces
 42303 | Elf:3    | Bought 4 fruits for 66 gold pieces
 42303 | Elf:3    | Bought 5 fruits for 82 gold pieces
 42344 | Elf:3    | Bought a bread ration for 65 gold pieces
 42344 | Elf:3    | Bought a bread ration for 65 gold pieces
 42344 | Elf:3    | Bought a bread ration for 65 gold pieces
 42404 | Elf:3    | Learned a level 3 spell: Recall
 43216 | Elf:3    | Identified the Reference Book on Attacks and Contamination (You found it on level 3 of the Elven Halls)
 43335 | Elf:3    | Reached skill level 15 in Slings
 43665 | Elf:3    | Identified the Handbook of the Birds (You found it on level 3 of the Elven Halls)
 43903 | Elf:3    | Learned a level 2 spell: Blink
 43983 | Elf:3    | Reached XP level 19. HP: 93/93 MP: 17/45
 44282 | Shoals:1 | Killed Roxanne
 44283 | Shoals:1 | Noticed Louise
 44292 | Shoals:1 | Killed Louise
 44299 | Shoals:1 | Identified Roxanne's Incunabulum of Unstable Earth (You took it off Roxanne on level 1 of the Shoals)
 44776 | Shoals:1 | Learned a level 4 spell: Summon Ice Beast
 44868 | Shoals:1 | Learned a level 4 spell: Control Undead
 45327 | Shoals:2 | Noticed Frances
 45330 | Shoals:2 | Killed Frances
 45762 | Shoals:2 | Noticed Polyphemus
 46122 | Shoals:2 | Killed Polyphemus
 47476 | Shoals:4 | Entered Level 4 of the Shoals
 47541 | Shoals:4 | Found a deep blue altar of Sif Muna.
 47546 | Shoals:4 | Noticed Ilsuiw
 47843 | Shoals:4 | Killed Ilsuiw
 47971 | Shoals:4 | Found a blossoming altar of Fedhas.
 48419 | Shoals:4 | Reached skill level 24 in Stealth
 48424 | Shoals:4 | Got a barnacled rune of Zot
 48931 | D:15     | Entered Level 15 of the Dungeon
 48936 | D:15     | Reached skill level 5 in Necromancy
 49226 | D:15     | Found a runed door.
 49421 | D:15     | Got an ichor-stained rapier
 49422 | D:15     | Identified the +5 rapier "Puecrejy" {pierce, +Fly Stlth+} (You found it on level 15 of the Dungeon)
 49593 | D:15     | Noticed M4edhros's ghost (adept OpMo)
 49616 | D:15     | Killed M4edhros's ghost
 50033 | D:15     | Found a staircase to the Depths.
 50269 | Vaults:1 | Entered Level 1 of the Vaults
 50328 | Vaults:1 | Reached XP level 20. HP: 85/98 MP: 17/48
 51319 | Vaults:1 | Reached skill level 1 in Translocations
 52713 | Vaults:1 | Found Xaheptixt's General Store.
 53451 | Vaults:2 | Noticed Wiglaf
 53472 | Vaults:2 | Killed Wiglaf
 53653 | Vaults:2 | Found Wuaxocy's Antique Weapon Shoppe.
 53657 | Vaults:2 | Bought a slimy rapier for 315 gold pieces
 53664 | Vaults:2 | Identified the cursed +0 rapier of Myehycuu {pierce, Dex+2} (You bought it in a shop on level 2 of the Vaults)
 53945 | Vaults:2 | Found a staircase to the Crypt.
 53945 | Vaults:2 | Found an ancient bone altar of Kikubaaqudgha.
 53946 | Vaults:2 | Found a basalt altar of Yredelemnul.
 55035 | Vaults:2 | Found Aneoneda's Weapon Boutique.
 55202 | Vaults:3 | HP: 4/98 [deep elf annihilator/crystal spear[an ironheart preserver] (94)]
 55552 | Vaults:3 | Reached skill level 1 in Air Magic
 56076 | Vaults:3 | Reached skill level 25 in Stealth
 57191 | Vaults:4 | Noticed Jory
 57195 | Vaults:4 | Killed Jory
 57205 | Vaults:4 | Learned a level 6 spell: Deflect Missiles
 57232 | Vaults:4 | Reached XP level 21. HP: 102/102 MP: 48/50
 58513 | Crypt:1  | Entered Level 1 of the Crypt
 58890 | Crypt:1  | Found a magical portal.
 58899 | WizLab   | Entered Doroklohe's Tomb
 60683 | Crypt:3  | Entered Level 3 of the Crypt
 60746 | Crypt:3  | Noticed Saint Roka
 60748 | Crypt:3  | Killed Saint Roka
 61700 | Crypt:3  | Got a shimmering brass ring
 61702 | Crypt:3  | Identified the ring of the Gloaming {rPois rC+ MP+9} (You took it off a vampire on level 3 of the Crypt)
 61785 | Crypt:3  | Found a staircase to the Tomb.
 61840 | Crypt:3  | Noticed an ancient lich
 61861 | Crypt:3  | Killed an ancient lich
 62003 | Crypt:3  | Identified Nigeisch's Almanac of Black Rites (You found it on level 3 of the Crypt)
 62225 | Crypt:3  | Found an ancient bone altar of Kikubaaqudgha.
 62227 | Crypt:3  | Noticed an ancient lich
 62240 | Crypt:3  | Noticed an ancient lich
 62894 | Crypt:3  | Learned a level 5 spell: Dispel Undead
 63188 | Crypt:3  | Killed an ancient lich
 63229 | Crypt:3  | Killed an ancient lich
 63229 | Crypt:3  | Reached XP level 22. HP: 109/109 MP: 50/52
 63276 | Crypt:3  | Reached skill level 10 in Short Blades
 63669 | Crypt:3  | Reached skill level 5 in Summonings
 63685 | Crypt:3  | Learned a level 6 spell: Death Channel
 64053 | Vaults:5 | Entered Level 5 of the Vaults
 65368 | Vaults:5 | Identified Netepn's Collected Works on Calling (You found it on level 5 of the Vaults)
 65587 | Vaults:5 | Noticed a golden dragon
 65598 | Vaults:5 | Killed a golden dragon
 65650 | Vaults:5 | Got a silver rune of Zot
 65652 | Vaults:5 | Got a wizard robe
 65735 | Vaults:4 | Identified the cursed +0 robe of the Princess {-Cast rC++ Str+3} (You found it on level 5 of the Vaults)
 66541 | Vaults:5 | Reached skill level 10 in Fighting
 66688 | Vaults:5 | Got a bound bronze amulet
 66915 | Vaults:5 | Identified the amulet "Weireyxt" {Dismiss SInv Stlth+} (You took it off a fire giant on level 5 of the Vaults)
 67278 | Vaults:5 | Noticed a golden dragon
 67283 | Vaults:5 | Killed a golden dragon
 67284 | Vaults:5 | Reached XP level 23. HP: 115/115 MP: 54/54
 67300 | Vaults:5 | Identified Sif Muna's Collected Works on Arcane Weapons and the Escort (You found it on level 5 of the Vaults)
 67978 | Vaults:5 | Identified the Tome of Blistering Blows and Bruises (You found it on level 5 of the Vaults)
 68829 | Slime:1  | Entered Level 1 of the Pits of Slime
 68918 | Slime:2  | Reached skill level 26 in Stealth
 70643 | Slime:6  | Entered Level 6 of the Pits of Slime
 70836 | Slime:6  | Noticed the Royal Jelly
 71041 | Slime:6  | Gained mutation: Your spells are a little easier to cast, but a little less powerful. [a shining eye]
 71233 | Slime:6  | Gained mutation: You are weak. (Str -2) [a shining eye]
 71819 | Slime:6  | Killed the Royal Jelly
 71944 | Slime:5  | Gained mutation: Armour fits poorly on your strangely shaped body. [a shining eye]
 71948 | Slime:5  | Lost mutation: Armour fits poorly on your strangely shaped body. [potion of cure mutation]
 71948 | Slime:5  | Lost mutation: You are weak. (Str -2) [potion of cure mutation]
 71948 | Slime:5  | Lost mutation: You have an increased reservoir of magic (+10% MP). [potion of cure mutation]
 71948 | Slime:5  | Lost mutation: Your spells are a little easier to cast, but a little less powerful. [potion of cure mutation]
 72785 | Slime:6  | Got a slimy rune of Zot
 72834 | Slime:6  | Got a slimy silver ring
 72836 | Slime:6  | Identified the ring of Qaufuf {rPois Stlth+} (You found it on level 6 of the Pits of Slime)
 72854 | Slime:6  | Got a steaming morningstar
 72885 | Slime:6  | Got a crude copper ring
 72887 | Slime:6  | Identified the ring "Hicvoi" {rN+ Str+3 Int-2 Stlth-} (You found it on level 6 of the Pits of Slime)
 73686 | Depths:1 | Entered Level 1 of the Depths
 73716 | Depths:1 | Found a gateway to Hell.
 74082 | Depths:1 | Reached XP level 24. HP: 123/123 MP: 50/50
 74279 | Depths:1 | Found a gateway to a ziggurat.
 74279 | Depths:1 | Noticed an ancient lich
 74280 | Depths:1 | Noticed an ancient lich
 74406 | Depths:1 | Killed an ancient lich
 74406 | Depths:1 | Reached skill level 27 in Stealth
 74411 | Depths:1 | Killed an ancient lich
 74728 | Depths:1 | Gained mutation: Your muscles are strong. (Str +2) [a cacodemon]
 75397 | Depths:2 | Noticed the Enchantress
 75453 | Depths:2 | Killed the Enchantress
 75645 | Depths:2 | Learned a level 4 spell: Olgreb's Toxic Radiance
 75742 | Depths:2 | Noticed Mara
 75744 | Depths:2 | Killed Mara
 75936 | Depths:2 | Got a bound lead ring
 75938 | Depths:2 | Identified the ring of Xaguqay {SustAt Stlth+} (You found it on level 2 of the Depths)
 75978 | Depths:2 | Noticed a juggernaut
 76018 | Depths:2 | Killed a juggernaut
 76034 | Depths:2 | Reached skill level 15 in Dodging
 76060 | Depths:2 | Noticed a juggernaut
 76095 | Depths:2 | Killed a juggernaut
 77618 | Depths:3 | Reached XP level 25. HP: 128/128 MP: 26/51
 77913 | Depths:3 | Found a one-way gate leading to the halls of Pandemonium.
 78006 | Depths:3 | You fall through a shaft for 2 floors!
 78006 | Depths:5 | Entered Level 5 of the Depths
 78349 | Depths:3 | HP: 5/128 [spriggan rider/spear[a spriggan defender] (21)]
 78349 | Depths:3 | Mangled by a spriggan defender

Vault maps used:
D:1:      dpeg_arrival_tiny_a, serial_bayou_pond_e
D:2:      first_bread
D:3:      old_standard_altar, kennysheep_nondescript, uniq_natasha
D:4:      lemuel_temple_firewalk_marked, serial_shops, shop_fountains,
          hangedman_decor_riveting
D:5:      solitary_fountain, minmay_crystal_water
D:6:      grunt_temple_overflow_order_and_chaos_2, fiery_altar_vehumet,
          bh_walls_and_bars
D:7:      old_forge, lemuel_round_altar, grunt_livestock,
          minmay_misc_feat_ornament, trog_ov_bears_minmay
D:8:      lemuel_zombie_altar_kikubaaqudgha, overflow_temple_1_default,
          okawaru_trees_2, basic_altar
D:9:      basic_altar
D:10:     nicolae_trove_entry_crystal
D:11:     david_lair_shrubbed, orc_0_dummy, serial_ice, serial_ice_o,
          serial_ice_i, serial_ice_e, serial_ice_h, serial_ice_f, serial_ice_m
D:12:     minivault_16
D:13:     erik_vaults_2, serial_shops, shop, shop, kennysheep_little_box
D:14:     kennysheep_six_static_rooms, kennysheep_nub
D:15:     hangedman_depths_entry_try_elsewhere_first, serial_park_tiny_pond,
          minmay_crystal_box
Temple:   nicolae_temple_x_marks_the_god
Lair:1:   portal_ice_cave_entry_ice_beasts, lemuel_fruit_fields
Lair:2:   grunt_megastairs_3, uniq_harold
Lair:3:   dummy_snake_entry, uniq_gastronok
Lair:4:   minmay_shoals_entry_lonely_mermaid
Lair:5:   lab_entry_generic, infiniplex_staircase_pool_2
Lair:6:   grunt_megastairs_5, uniq_maud
Lair:7:   beast_lair_carwin_large_1, dpeg_slime_entry_enclosed_altar,
          serial_bayou_shore_b
Lair:8:   hangedman_lair_caniforms_friends, hangedman_lair_in_review,
          special_room, lemuel_fruit_tree
Shoals:1: uniq_roxanne, uniq_louise, uniq_donald
Shoals:2: uniq_polyphemus, uniq_frances
Shoals:3: nicolae_shoals_loop_pool
Shoals:4: shoals_end_hangedman, shoal_ilsuiw, hangedman_feature_mirror
Snake:1:  uniq_agnes, uniq_aizul
Snake:2:  basic_stair_grate_trap, serial_bayou_shore_b, uniq_jorgrun,
          uniq_norris, uniq_azrael
Snake:4:  grunt_snake_rune_serpentine_throne, hangedman_snake_pattern,
          spider_trap, nicolae_snake_serpentine_hallways
Slime:2:  uniq_dissolution
Orc:1:    special_room, uniq_josephine
Orc:2:    st_orc_ogre_mass
Elf:1:    eino_elf_arrival_sip, minmay_elf_annihilation
Elf:2:    minivault_28
Elf:3:    grunt_elf_hall_branching, serial_shops, nicolae_shop_window_shopping,
          shop, nicolae_shop_window_shopping, nicolae_shop_stone, shop,
          minmay_misc_feat_rows, nrook_mini_backslash
Vaults:1: vaults_room_fours, dpeg_vaults_waves, v_misc_11, vaults_dpeg_hooks,
          v_alt_pattern_6, ontoclasm_vaults_spin, vaults_dpeg_diagonal,
          nicolae_vaults_little_squares_4, nicolae_vaults_ring_of_whatevers,
          ontoclasm_vaults_pinch, hangedman_vaults_snaps,
          nicolae_vaults_alarming, serial_shops, nicolae_shop_statue_plus
Vaults:2: v_misc_26, minmay_crypt_entry_necro_gods, v_misc_28, v_pattern_3,
          v_misc_1, v_misc_18, dpeg_vaults_monster_box,
          nicolae_vaults_rhombus_7, v_misc_14, serial_shops, shop, uniq_wiglaf
Vaults:3: v_misc_26, nicolae_vaults_little_squares_5, v_misc_23,
          nicolae_vaults_yaktaur_gun_rack
Vaults:4: nicolae_vaults_big_angled_halls, nicolae_vaults_stairing_the_circle,
          v_misc_33, v_misc_12, nicolae_vaults_big_ls, vaults_room_door_ring,
          vaults_mumra_hexcomb, nicolae_vaults_angled_halls,
          hangedman_vaults_stagger, ontoclasm_vaults_loading_screen,
          vaults_room_semicircle, uniq_jory
Vaults:5: serial_shops
Crypt:1:  mu_enter_wizlab_6, grunt_crypt_arrival_webbed
Crypt:3:  quadcrypt_mu, uniq_saint_roka
Depths:1: enter_ziggurat_d, hell_entry, grunt_decor_cap, minivault_1,
          spider_trap, minislime_mu
Depths:2: grunt_runaround, hell_entry, uniq_enchantress, uniq_mara
Depths:3: grunt_twisty_corner, pan_entry, pf_dread_powers_of_hell,
          wad_floor_pattern_untrapped, grunt_megastairs_2
Depths:4: minmay_quantized_circle, nicolae_abyss_entry_one_way_or_another,
          hell_entry, hangedman_decor_clover_reticule, roderic_lattice_a,
          serial_bayou_shore_b, basic_stair_grate_trap, uniq_sojobo,
          uniq_margery
Depths:5: grunt_zot_entry_hairpin, serial_co_window_serial, co_window_corner_a,
          co_window_corner_a, co_window_corner_a, co_window_paths_b,
          co_window_paths_a, co_window_corner_b, co_window_unsneaky_path_a,
          co_window_corner_ca, co_window_corner_ca, co_window_of_opportunity_c,
          glass_columns_a, glass_columns_c, glass_columns_c, glass_columns_a,
          abyss_entry, hell_entry
Lab:      labyrinth_mini_lab, labyrinth_glass_1, nicolae_lab_arrow,
          labyrinth_skeletal_remains, nicolae_lab_x, nicolae_lab_diamond
Trove:    trove_garden
IceCv:    ice_cave_caverns_02
WizLab:   wizlab_doroklohe

Action                   |  1- 3 |  4- 6 |  7- 9 | 10-12 | 13-15 | 16-18 | 19-21 | 22-24 | 25-27 || total
-------------------------+-------+-------+-------+-------+-------+-------+-------+-------+-------++-------
Melee: Dagger            |    89 |    63 |   136 |   200 |   741 |   569 |   983 |   291 |    30 ||  3102
       Hunting sling     |       |       |    17 |       |       |       |       |       |       ||    17
       Short sword       |       |       |     6 |       |       |       |       |       |       ||     6
       Rapier            |       |       |       |       |       |     3 |   140 |   516 |       ||   659
 Fire: Hunting sling     |       |    21 |   136 |   361 |   333 |   582 |   247 |   333 |       ||  2013
Throw: Tomahawk          |       |       |       |    11 |       |       |       |       |       ||    11
       Stone             |       |       |       |       |       |    12 |       |     4 |       ||    16
 Cast: Corona            |    10 |     1 |       |       |       |       |       |       |       ||    11
       Ensorcelled Hiber |    38 |    20 |    35 |    46 |   127 |    40 |    53 |    33 |     1 ||   393
       Confuse           |       |     8 |    24 |    52 |    66 |    87 |   185 |   113 |     2 ||   537
       Tukima's Dance    |       |     3 |    16 |    78 |     3 |   243 |   177 |    95 |     1 ||   616
       Metabolic Englaci |       |       |       |       |     6 |       |       |       |       ||     6
       Cure Poison       |       |       |       |       |     1 |    33 |       |     6 |     1 ||    41
       Mass Confusion    |       |       |       |       |    26 |    28 |    29 |    40 |     2 ||   125
       Regeneration      |       |       |       |       |       |    58 |    46 |    57 |     3 ||   164
       Animate Dead      |       |       |       |       |       |    62 |   113 |    66 |     5 ||   246
       Summon Mana Viper |       |       |       |       |       |    81 |    90 |    81 |       ||   252
       Cause Fear        |       |       |       |       |       |     4 |       |       |       ||     4
       Aura of Abjuratio |       |       |       |       |       |     7 |     9 |    13 |       ||    29
       Repel Missiles    |       |       |       |       |       |     4 |     1 |       |       ||     5
       Summon Ice Beast  |       |       |       |       |       |       |    67 |    49 |       ||   116
       Blink             |       |       |       |       |       |       |    13 |     6 |       ||    19
       Recall            |       |       |       |       |       |       |     9 |    18 |       ||    27
       Invisibility      |       |       |       |       |       |       |     1 |       |       ||     1
       Control Undead    |       |       |       |       |       |       |    35 |    10 |       ||    45
       Deflect Missiles  |       |       |       |       |       |       |     1 |     8 |       ||     9
       Dispel Undead     |       |       |       |       |       |       |     5 |    41 |       ||    46
       Death Channel     |       |       |       |       |       |       |       |    36 |     2 ||    38
       Olgreb's Toxic Ra |       |       |       |       |       |       |       |     5 |     4 ||     9
Invok: Shadow Step       |       |       |       |       |     8 |    21 |    14 |    15 |       ||    58
Evoke: Wand              |       |       |       |     2 |    10 |    15 |     5 |    15 |     1 ||    48
       Sack of spiders   |       |       |       |       |       |     4 |       |       |       ||     4
  Use: Scroll            |       |       |    16 |    13 |    13 |    30 |    21 |    12 |     3 ||   108
       Potion            |       |       |       |    13 |     6 |    15 |     5 |     9 |       ||    48
 Stab: Sleeping          |    34 |    28 |    36 |    60 |   245 |   101 |   218 |   178 |    10 ||   910
       Confused          |       |     3 |    23 |    31 |    38 |    35 |   123 |    76 |     1 ||   330
       Distracted        |       |       |       |     1 |     5 |    13 |    18 |    14 |       ||    51
       Fleeing           |       |       |       |       |       |     1 |       |       |       ||     1
       Petrified         |       |       |       |       |       |       |     1 |       |       ||     1
       Held in net/web   |       |       |       |       |       |       |     1 |       |       ||     1
  Eat: Bread ration      |     1 |       |       |       |     2 |     2 |     3 |     1 |       ||     9
       Royal jelly       |       |       |     2 |     1 |       |     3 |       |     2 |       ||     8
       Pizza             |       |       |     1 |     3 |     5 |       |     2 |     2 |       ||    13
       Fruit             |       |       |       |       |       |     1 |     2 |     3 |       ||     6
